 Dungeon Crawl Stone Soup version 0.29-a0-284-gf9362112df (webtiles) character file.

Game seed: 12624373784049697677

10598 Gibbon the Grappler (level 11, -1/111 HPs)
             Began as a Troll Berserker on Mar 28, 2022.
             Was an Elder of Trog.
             Slain by a five-headed hydra (2 damage)
             ... on level 1 of the Lair of Beasts.
             The game lasted 01:15:24 (9991 turns).

Gibbon the Grappler (Troll Berserker)               Turns: 9991, Time: 01:15:25

Health: -1/111     AC: 11    Str: 27    XL:     11   Next: 38%
Magic:  10/10      EV: 11    Int:  5    God:    Trog [****..]
Gold:   693        SH:  5    Dex: 11    Spells: 10/10 levels left

rFire   . . .      SeeInvis .     - Unarmed
rCold   . . .      Faith    .   (no shield)
rNeg    . . .      Spirit   .   f - +2 steam dragon scales
rPois   .          Reflect  +   (helmet restricted)
rElec   .          Harm     .   g - +0 cloak
rCorr   .          Rampage  .   (gloves unavailable)
Will    ++...                   (boots unavailable)
Stlth   +.........              D - amulet of reflection
HPRegen 2.08/turn               (no ring)
MPRegen 0.12/turn               (no ring)

@: about to teleport, marked, strong-willed (expiring), regenerating (expiring)
A: large, unfitting armour, claws 3, regeneration 1, shaggy fur 1, tough skin 1
a: Renounce Religion, Berserk, Trog's Hand, Brothers in Arms


You were on level 1 of the Lair of Beasts.
You worshipped Trog.
Trog was greatly pleased with you.
You visited 2 branches of the dungeon, and saw 12 of its levels.

You collected 693 gold pieces.

Inventory:

Hand Weapons
 A - a +9 great sword
Missiles
 d - 198 stones
 m - 8 boomerangs (quivered)
 w - 21 poisoned darts
Armour
 f - +2 steam dragon scales (worn)
 g - a +0 cloak (worn)
 C - an orb of mayhem
Jewellery
 a - a ring of fire
 D - an amulet of reflection (around neck)
Wands
 u - a wand of mindburst (10)
 y - a wand of flame (10)
 B - a wand of paralysis (6)
 E - a wand of iceblast (5)
Scrolls
 b - a scroll of fog {unknown}
 c - a scroll of magic mapping
 e - 2 scrolls of teleportation
 h - a scroll of torment {unknown}
 n - a scroll of enchant weapon
 o - a scroll of amnesia {unknown}
 q - 2 scrolls of blinking {unknown}
 r - a scroll of brand weapon {unknown}
Potions
 i - 2 potions of mutation
 j - 2 potions of lignification {unknown}
 k - a potion of magic {unknown}
 l - 2 potions of heal wounds
 p - 3 potions of ambrosia
 s - 2 potions of haste
 t - a potion of berserk rage {unknown}
 v - 2 potions of invisibility {unknown}
 x - 4 potions of curing
 z - a potion of brilliance {unknown}


   Skills:
 - Level 8.0 Fighting
 - Level 5.0 Throwing
 - Level 5.0 Armour
 - Level 5.0 Dodging
 - Level 11.0 Unarmed Combat
 + Level 4.6 Evocations


You had 10 spell levels left.
You didn't know any spells.
Your spell library contained the following spells:

 Spells                   Type           Power      Damage    Failure   Level
 Static Discharge         Conj/Air       0%         N/A       63%         2
 Inner Flame              Hex/Fire       0%         N/A       85%         3
 Cause Fear               Hex            0%         N/A       99%         4
 Dispel Undead            Necr           0%         3d6       99%         4
 Hailstorm                Conj/Ice       0%         3d3       99%         4
 Ice Form                 Ice/Tmut       0%         N/A       99%         4
 Sticky Flame             Conj/Fire      0%         2d3       99%         4
 Summon Forest            Summ/Tloc      0%         N/A       100%        5
 Eringya's Noxious Bog    Tmut/Pois      0%         N/A       100%        6
 Simulacrum               Ice/Necr       0%         N/A       100%        6
 Summon Hydra             Summ           0%         N/A       100%        7
 Discord                  Hex            0%         N/A       100%        8


Dungeon Overview and Level Annotations

Branches:
Dungeon (11/15)            Temple (0/1) D:7            Lair (1/6) D:11
    Orc (0/2) D:11

Altars:
Fedhas
Qazlal
Ru
Yredelemnul


Innate Abilities, Weirdness & Mutations

You are too large for most types of armour.
You have claws for hands.
Your natural rate of healing is unusually fast.
You are covered in fur. (AC +1)
You have tough skin. (AC +1)


Message History

The puff of flame misses the five-headed hydra.
The bullfrog hits you but does no damage.
The basilisk hisses menacingly.
The five-headed hydra bites you.
The five-headed hydra barely misses you.
The five-headed hydra bites you but does no damage. x2
You block the five-headed hydra's attack.
The bullfrog hits you but does no damage.
Aiming: Throw Flame
Press: ? - help, Shift-Dir - straight line, f/p - five-headed hydra
Aim: a five-headed hydra (severely wounded, 91% to hit)
The puff of flame hits the five-headed hydra!
The five-headed hydra is almost dead.
The bullfrog hits you. The five-headed hydra bites you!
The five-headed hydra bites you.
* * * LOW HITPOINT WARNING * * *
The five-headed hydra bites you but does no damage.
The five-headed hydra closely misses you.
You block the five-headed hydra's attack.
As you read the scroll of teleportation, it crumbles to dust.
You feel strangely unstable.
You feel the effects of Trog's Hand fading.
The bullfrog hits you.
* * * LOW HITPOINT WARNING * * *
You block the five-headed hydra's attack.
The five-headed hydra bites you.
* * * LOW HITPOINT WARNING * * *
The five-headed hydra bites you but does no damage. x2
The five-headed hydra bites you.
* * * LOW HITPOINT WARNING * * *
The bullfrog closely misses you.
The bullfrog hits you but does no damage.
The five-headed hydra barely misses you.
The five-headed hydra bites you!
* * * LOW HITPOINT WARNING * * *
The five-headed hydra bites you but does no damage.
The five-headed hydra bites you!
* * * LOW HITPOINT WARNING * * *
The five-headed hydra bites you.
You die...

#..... .....#### .P#.#.. #.....#
#...#.... .....+. #.....#
#........ ....... #......
#...#.... .....#. #..)... ###
#........ ###P...
#.....#####.###...P.... ##.+.
#............[†l....?.. #..#.
#......##.#.###DD...... ## #.
#.....+......F@#....... ##.#.
##.....#................####P...
#P.................#..........#.
##..............#...............
#P..............#..#####.##.#.P.
#P.....#........................
##.....#........P...............
#......#.P+###.#...............
#..............................


You could see 2 five-headed hydras, a basilisk and a bullfrog.

Vanquished Creatures
  2 two-headed ogres
  A wizard (D:9)
  An oklob plant (D:11)
  A cane toad (Lair:1)
  An unseen horror (D:11)
  Maggie (D:8)
  4 trolls
  Sigmund (D:2)
  A vampire (D:10)
  A shadow (D:10)
  A wraith (D:11)
  10 yaks
  2 steam dragons
  A basilisk (Lair:1)
  An acid dragon (D:11)
  2 water moccasins
  Duvessa (D:7)
  2 orc warriors
  A sky beast (D:7)
  3 black bears
  An ogre (D:4)
  5 centaurs
  3 phantoms
  2 kobold brigands
  2 gnoll sergeants
  4 bullfrogs
  2 necrophages
  2 scorpions
  14 wights
  Dowan (D:7)
  5 killer bees (D:9)
  2 howler monkeys
  A crimson imp (D:9)
  A jelly (D:7)
  A gnoll shaman (D:7)
  6 orc priests
  Crazy Yiuf (D:7)
  A hound (D:5)
  Terence (D:3)
  10 orc wizards
  19 gnolls
  6 adders
  2 shadow imps
  3 white imps
  2 ufetubi
  2 worms
  A dart slug (D:1)
  33 orcs
  8 ball pythons
  4 endoplasms (D:1)
  3 giant cockroaches
  4 hobgoblins
  4 jackals (D:4)
  7 quokkas
  5 bats
  4 frilled lizards
  9 goblins
  15 kobolds
  2 rats (D:1)
236 creatures vanquished.

Vanquished Creatures (others)
  A kobold (D:3)
  A fungus (D:8)
  17 plants
19 creatures vanquished.

Grand Total: 255 creatures vanquished

Notes
Turn   | Place    | Note
-------+----------+-------------------------------------------
     0 | D:1      | Gibbon the Troll Berserker began the quest for the Orb.
     0 | D:1      | Reached XP level 1. HP: 22/22 MP: 0/0
   592 | D:1      | Reached XP level 2. HP: 29/29 MP: 1/1
  1180 | D:1      | Reached XP level 3. HP: 37/37 MP: 2/2
  1513 | D:2      | Reached XP level 4. HP: 45/45 MP: 3/3
  1569 | D:2      | Reached ** piety under Trog
  1699 | D:2      | You fall into a shaft and drop 2 floors!
  1724 | D:4      | Reached skill level 4 in Unarmed Combat
  1911 | D:4      | Noticed a phantom
  1917 | D:4      | Killed a phantom
  1918 | D:4      | Reached skill level 5 in Unarmed Combat
  1918 | D:4      | Reached XP level 5. HP: 51/53 MP: 4/4
  1997 | D:4      | Reached skill level 6 in Unarmed Combat
  1997 | D:4      | Reached XP level 6. HP: 61/61 MP: 5/5
  2603 | D:5      | Entered Level 5 of the Dungeon
  2876 | D:5      | Reached XP level 7. HP: 71/71 MP: 6/6
  3069 | D:5      | Reached skill level 5 in Fighting
  3674 | D:3      | Found a faded altar of an unknown god.
  3812 | D:3      | Noticed Terence
  3817 | D:3      | Killed Terence
  3930 | D:3      | Identified the +1 leather armour of Disappointment {rPois
                  | rF++ Int-3 SInv}
  4301 | D:2      | Noticed Sigmund
  4309 | D:2      | Killed Sigmund
  4328 | D:2      | Reached XP level 8. HP: 83/83 MP: 7/7
  4342 | D:2      | Reached *** piety under Trog
  5120 | D:6      | Reached skill level 1 in Throwing
  5167 | D:6      | Reached skill level 7 in Unarmed Combat
  5654 | D:7      | Found a basalt altar of Yredelemnul.
  5661 | D:7      | Noticed a troll
  5666 | D:7      | Killed a troll
  5667 | D:7      | Reached skill level 1 in Evocations
  5821 | D:7      | Reached skill level 5 in Dodging
  5917 | D:7      | Reached XP level 9. HP: 89/89 MP: 8/8
  6002 | D:7      | Found a runed translucent door.
  6003 | D:7      | Noticed Crazy Yiuf
  6012 | D:7      | Killed Crazy Yiuf
  6129 | D:7      | Noticed Dowan
  6131 | D:7      | Noticed Duvessa
  6132 | D:7      | Killed Dowan
  6138 | D:7      | Killed Duvessa
  6200 | D:7      | Reached skill level 8 in Unarmed Combat
  6224 | D:7      | Found a staircase to the Ecumenical Temple.
  6480 | D:8      | Found a sacrificial altar of Ru.
  6655 | D:8      | Noticed a two-headed ogre
  6662 | D:8      | Killed a two-headed ogre
  6663 | D:8      | Reached skill level 5 in Throwing
  6663 | D:8      | Reached skill level 9 in Unarmed Combat
  6678 | D:8      | Found a stormy altar of Qazlal.
  6700 | D:8      | Noticed Maggie
  6709 | D:8      | Killed Maggie
  6710 | D:8      | Reached XP level 10. HP: 100/100 MP: 9/9
  7058 | D:8      | Found a blossoming altar of Fedhas.
  7366 | D:9      | Reached **** piety under Trog
  7488 | D:9      | Noticed a wizard
  7498 | D:9      | Killed a wizard
  7703 | D:9      | Reached skill level 1 in Armour
  8110 | D:10     | Entered Level 10 of the Dungeon
  8171 | D:10     | Reached skill level 10 in Unarmed Combat
  8411 | D:10     | Reached XP level 11. HP: 80/111 MP: 10/10
  8724 | D:11     | Noticed an oklob plant
  8736 | D:11     | Found a staircase to the Lair.
  8786 | D:11     | Found a staircase to the Orcish Mines.
  9227 | D:11     | Noticed a two-headed ogre
  9233 | D:11     | Killed a two-headed ogre
  9637 | D:11     | Noticed a seven-headed hydra
  9742 | D:11     | Killed an oklob plant
  9792 | Lair:1   | Entered Level 1 of the Lair of Beasts
  9804 | Lair:1   | Reached skill level 5 in Armour
  9804 | Lair:1   | Reached skill level 11 in Unarmed Combat
  9971 | Lair:1   | Noticed a four-headed hydra
  9979 | Lair:1   | Noticed a five-headed hydra
  9991 | Lair:1   | HP: 1/111 [five-headed hydra (11)]
  9991 | Lair:1   | Slain by a five-headed hydra

Illustrated notes

Levels and vault maps discovered:
D:1:      kilobyte_arrival_exit_the_forest, layout_loops_ring,
          minmay_fountain_box
D:2:      layout_rooms, uniq_sigmund
D:3:      layout_basic, hellmonk_ecumenical_altar_blasted, lemuel_flame_loot_1,
          uniq_terence
D:4:      layout_basic
D:5:      layout_cave_pods
D:6:      layout_layer_cave
D:7:      layout_basic, mainiacjoe_overflow_boulevard,
          minmay_temple_entry_sparse_star, uniq_duvessa, uniq_crazy_yiuf_cottage
D:8:      layout_gridville, nicolae_ru_great_annihilating_truth,
          grunt_temple_overflow_forces_of_nature, uniq_maggie
D:9:      layout_irregular_city, lightli_wizard_tower
D:10:     layout_gridville
D:11:     layout_layer_cave, dpeg_oklobed_lair, orc_0_dummy, nrook_uturn,
          nrook_mini_backslash
Lair:1:   layout_chaotic_city, cheibrodos_lair_lostbears

Skill      XL: |  1  2  3  4  5  6  7  8  9 10 11 |
---------------+----------------------------------+-----
Fighting       | 3 4 5 6 8 |  8.0
Dodging        | 3 4 5 |  5.0
Unarmed Combat | 5 6 7 9 10 11 | 11.0
Throwing       | 3 5 |  5.0
Evocations     | 2 3 4 |  4.6
Armour         | 3 5 |  5.0

Action                   |  1- 3 |  4- 6 |  7- 9 | 10-12 || total
-------------------------+-------+-------+-------+-------++-------
Melee: Unarmed           |    74 |    94 |   276 |   253 ||   697
       Punch             |     1 |     2 |     9 |    14 ||    26
 Fire: Hunting sling     |     9 |       |       |       ||     9
Throw: Stone             |       |       |     8 |       ||     8
       Boomerang         |       |       |     6 |    14 ||    20
Invok: Berserk           |     3 |     4 |    10 |     4 ||    21
       Trog's Hand       |       |       |     3 |     3 ||     6
Evoke: Wand              |       |       |     7 |    13 ||    20
  Use: Scroll            |       |     3 |     9 |     8 ||    20
       Potion            |       |       |       |     2 ||     2
 Stab: Sleeping          |     1 |       |     2 |       ||     3
       Invisible         |       |       |     1 |       ||     1
Armor: Animal skin       |    12 |    39 |    57 |     2 ||   110
       Steam dragon scal |       |       |       |   105 ||   105
Dodge: Dodged            |    38 |    38 |   107 |   143 ||   326
Block: Other             |       |       |       |    25 ||    25

Table legend: (Time is in decaauts)
 A = Elapsed time spent in this place.
 B = Non-inter-level travel time spent in this place.
 C = Inter-level travel time spent in this place.
 D = Time resting spent in this place.
 E = Time spent auto-exploring this place.
 F = Levels seen in this place.
 G = Mean time per level.
                   A        B        C        D        E       F      G
               +--------+--------+--------+--------+--------+-----+--------+
         Total |  10080 |  10080 |      0 |   1528 |      0 |  12 |  840.0 |
       Dungeon |   9885 |   9885 |      0 |   1498 |      0 |  11 |  898.6 |
          Lair |    195 |    195 |      0 |     30 |      0 |   1 |  195.0 |
               +--------+--------+--------+--------+--------+-----+--------+

Top non-repeatable levels by time:
     D:1: 1496 daAuts
    D:11: 1139 daAuts
     D:4: 1057 daAuts
     D:3: 1048 daAuts
     D:9: 1009 daAuts
     D:5: 840 daAuts
     D:6: 832 daAuts
     D:7: 791 daAuts
     D:8: 714 daAuts
    D:10: 509 daAuts
     D:2: 444 daAuts
  Lair:1: 195 daAuts
